 Dungeon Crawl Stone Soup version 0.22.1-1-ga44c0e5 (webtiles) character file.

414 suicidejoker the Archer (level 6, -4/48 HPs)
             Began as a Centaur Hunter on Sept 22, 2018.
             Killed by divine providence
             ... invoked by an orc priest
              (10 damage)
             ... on level 6 of the Dungeon.
             The game lasted 00:07:29 (4145 turns).

suicidejoker the Archer (Centaur Hunter)            Turns: 4145, Time: 00:07:30

Health: -4/48      AC:  9    Str: 15    XL:     6   Next: 60%
Magic:  6/6        EV:  7    Int: 10    God:
Gold:   186        SH:  0    Dex: 11    Spells: 5/5 levels left

rFire    . . .     SeeInvis .   b - +0 short sword
rCold    . . .     Gourm    .   (no shield)
rNeg     . . .     Faith    .   c - +0 leather armour
rPois    .         Spirit   .   (no helmet)
rElec    .         Reflect  .   (no cloak)
rCorr    .         Harm     .   r - +0 pair of gloves
MR       .....                  m - +0 centaur barding
Stlth    +.........             (no amulet)
HPRegen  0.16/turn              (no ring)
MPRegen  0.10/turn              (no ring)

@: very quick
A: large, hooves 3, deformed body, speed 2, tough skin 3
a: no special abilities


You were on level 6 of the Dungeon.
You were very hungry.

You visited 1 branch of the dungeon, and saw 7 of its levels.

You collected 186 gold pieces.

Inventory:

Hand Weapons
 a - a +1 shortbow
 b - a +0 short sword (weapon)
 w - a +0 blowgun
Missiles
 o - 50 bolts
 x - 5 poisoned needles
Armour
 c - a +0 leather armour (worn)
 m - a +0 centaur barding (worn)
 r - a +0 pair of gloves (worn)
Jewellery
 p - an uncursed ring of protection from magic {unknown}
Scrolls
 d - a scroll of teleportation {unknown}
 e - 2 scrolls of amnesia {unknown}
 h - 4 scrolls of identify
 j - a scroll of immolation {unknown}
 q - a scroll of fear {unknown}
 v - a scroll of magic mapping {unknown}
 y - a scroll of fog {unknown}
Potions
 g - a potion of degeneration
 i - 3 potions of curing
 l - 2 potions of mutation {unknown}
 s - a potion of heal wounds
 t - a potion of lignification {unknown}
 u - a potion of flight {unknown}
 z - a potion of haste {unknown}
Comestibles
 f - 5 rations


   Skills:
 + Level 2.1 Fighting
 + Level 0.3 Short Blades
 + Level 10.1 Bows
 + Level 0.9 Throwing
 + Level 0.3 Armour
 + Level 1.5 Dodging
 - Level 0.4 Stealth


You had 5 spell levels left.
You didn't know any spells.
Your spell library was empty.

Dungeon Overview and Level Annotations

Branches:
Dungeon (7/15)
 Temple: D:4-7

Altars:
Elyvilon
Kikubaaqudgha
Qazlal
Vehumet
Yredelemnul
The Shining One

Annotations:
D:2 2 transporters
D:5 Eustachio


Innate Abilities, Weirdness & Mutations

You have hooves in place of feet.
Armour fits poorly on your strangely shaped body.
You cover ground very quickly.
You have extremely tough skin. (AC +3)


Message History

You closely miss the orc priest.
The orc priest shouts!
You kick the orc priest.
The orc priest is almost dead.
The orc priest hits you but does no damage.
The orc priest invokes the aid of Beogh against you.
Beogh smites you!
* * * LOW HITPOINT WARNING * * *
You feel much better.
The orc priest looks encouraged for a moment.
The orc priest casts a cantrip, but nothing happens.
The orc priest looks satisfied for a moment.
The orc priest invokes the aid of Beogh against you.
Beogh smites you!
* * * LOW HITPOINT WARNING * * *
You closely miss the orc priest.
The orc priest is almost dead.
The orc priest mumbles some strange prayers to Beogh against you.
Beogh smites you!
You die...

#.(.(.(.......
#.............
#.............
#..........##+#
######'#####..#
#.....#...#
#.....##..#
#....(##..###
#.....o@....#
#...........#
##.).########
#...## #....#
#....# #....#
######


You could see an orc priest.

Vanquished Creatures
  A sky beast (D:6)
  A bullfrog (D:6)
  An orc wizard (D:6)
  A centaur skeleton (D:4)
  Jessica (D:2)
  A worker ant (D:5)
  7 adders
  4 oozes
  An adder skeleton (D:4)
  4 worms
  4 dart slugs (D:1)
  2 leopard geckos
  An orc (D:4)
  A ball python (D:1)
  3 giant cockroaches
  6 goblins
  3 hobgoblins
  5 kobolds
  A quokka (D:2)
  6 bats
  2 frilled lizards
  A quokka skeleton (D:5)
  10 rats
67 creatures vanquished.

Notes
Turn   | Place    | Note
-------+----------+-------------------------------------------
     0 | D:1      | suicidejoker the Centaur Hunter began the quest for the
                  | Orb.
     0 | D:1      | Reached XP level 1. HP: 17/17 MP: 1/1
   148 | D:1      | Reached XP level 2. HP: 24/24 MP: 2/2
   165 | D:1      | Reached skill level 6 in Bows
   543 | D:1      | Reached XP level 3. HP: 29/29 MP: 3/3
  1086 | D:2      | Found a radiant altar of Vehumet.
  1092 | D:2      | Reached skill level 7 in Bows
  1378 | D:2      | Found an ancient bone altar of Kikubaaqudgha.
  1519 | D:2      | Reached XP level 4. HP: 35/36 MP: 4/4
  1601 | D:2      | Noticed Jessica
  1608 | D:2      | Killed Jessica
  1614 | D:2      | Reached skill level 8 in Bows
  1841 | D:2      | Found a transporter.
  1845 | D:2      | Found a basalt altar of Yredelemnul.
  2026 | D:2      | Found a transporter.
  2528 | D:3      | Noticed an earth elemental
  2529 | D:3      | Found a stormy altar of Qazlal.
  2532 | D:3      | Noticed a water elemental
  2532 | D:3      | Noticed a fire elemental
  2532 | D:3      | Noticed an air elemental
  2540 | D:3      | Reached XP level 5. HP: 41/41 MP: 5/5
  3010 | D:4      | Noticed an ogre
  3329 | D:4      | Reached skill level 9 in Bows
  3483 | D:4      | Noticed an ogre
  3516 | D:5      | Entered Level 5 of the Dungeon
  3516 | D:5      | Noticed Eustachio
  3548 | D:7      | Noticed an ogre
  3549 | D:7      | Noticed a sky beast
  3564 | D:5      | Found a glowing golden altar of the Shining One.
  3751 | D:5      | Found a white marble altar of Elyvilon.
  3765 | D:5      | You fall through a shaft!
  3801 | D:6      | Reached XP level 6. HP: 16/48 MP: 6/6
  3983 | D:6      | Noticed a sky beast
  4028 | D:6      | Killed a sky beast
  4028 | D:6      | Reached skill level 10 in Bows
  4142 | D:6      | HP: 1/48 [orc priest/divine providence (11)]
  4145 | D:6      | Killed from afar by an orc priest

Skill      XL: |  1  2  3  4  5  6 |
---------------+-------------------+-----
Bows           | 6 7 8 9 10 | 10.1
Fighting       | |  2.1
Short Blades   | |  0.3
Throwing       | |  0.9
Armour         | |  0.3
Dodging        | |  1.5
Stealth        | |  0.4

Action                   |  1- 3 |  4- 6 || total
-------------------------+-------+-------++-------
Melee: Short sword       |     1 |    71 ||    72
       Kick              |     1 |    18 ||    19
 Fire: Shortbow          |   101 |    42 ||   143
       Blowgun           |       |    33 ||    33
Throw: Javelin           |    14 |    39 ||    53
  Use: Scroll            |       |     3 ||     3
       Potion            |       |     2 ||     2
  Eat: Chunk             |       |     3 ||     3
       Ration            |       |     1 ||     1
Armor: Leather armour    |    15 |    74 ||    89
Dodge: Dodged            |     5 |    46 ||    51
